 Dungeon Crawl Stone Soup version 0.28.0-47-ge53b351184 (webtiles) character file.

Game seed: 16359653680436689532

559 Bruhh the Insei (level 7, 0/53 HPs)
             Began as a Merfolk Transmuter on Apr 27, 2022.
             Killed by nerve-wracking pain
             ... invoked by a shadow imp
              (14 damage)
             ... on level 5 of the Dungeon.
             The game lasted 00:13:24 (6150 turns).

Bruhh the Insei (Merfolk Transmuter)                Turns: 6150, Time: 00:13:25

Health: 0/53       AC:  2    Str: 14    XL:     7   Next: 31%
Magic:  11/13      EV: 20    Int: 14    God:
Gold:   75         SH:  0    Dex: 19    Spells: 8/14 levels left

rFire   . . .      SeeInvis .     - Unarmed
rCold   . . .      Faith    .   (shield currently unavailable)
rNeg    . . .      Spirit   .   (armour currently unavailable)
rPois   x          Reflect  .   (helmet currently unavailable)
rElec   +          Harm     .   (cloak currently unavailable)
rCorr   +          Rampage  .   (gloves currently unavailable)
Will    .....                   (boots currently unavailable)
Stlth   ++........              (no amulet)
HPRegen 0.17/turn               i - ring of the Prince {rElec rCorr Str+3}
MPRegen 0.13/turn               (no ring)

@: spider-form (expiring)
A: venomous fangs, tiny, (nimble swimmer 2), (mertail)
a: End Transformation


You were on level 5 of the Dungeon.
You were a venomous arachnid creature.
You visited 1 branch of the dungeon, and saw 5 of its levels.

You collected 75 gold pieces.

Inventory:

Armour
 a - a +0 robe (melded)
 l - a +0 cloak
Jewellery
 i - the ring of the Prince (left front leg) {rElec rCorr Str+3}
   (You found it on level 2 of the Dungeon)

   [ring of resist corrosion]

   Str:       It affects your strength (+3).
   rElec:     It insulates you from electricity.
   rCorr:     It protects you from acid and corrosion.
 p - a +6 ring of intelligence
Scrolls
 b - 2 scrolls of enchant weapon {unknown}
 c - a scroll of fear {unknown}
 e - a scroll of silence {unknown}
 f - 3 scrolls of teleportation {unknown}
 g - a scroll of identify {unknown}
 k - a scroll of magic mapping {unknown}
 m - a scroll of holy word {unknown}
Potions
 d - a potion of ambrosia {unknown}
 h - 2 potions of curing
 j - 2 potions of might {unknown}
 n - 2 potions of magic {unknown}
 o - a potion of degeneration {unknown}


   Skills:
 + Level 3.6 Fighting
 - Level 2.6 Dodging
 - Level 6.0 Unarmed Combat
 - Level 4.0 Spellcasting
 - Level 5.0 Transmutations


You had 8 spell levels left.
You knew the following spells:

 Your Spells              Type           Power      Damage    Failure   Level
a - Beastly Appendage     Tmut           32%        N/A       10%         1
b - Wereblood             Tmut           16%        N/A       12%         2
c - Spider Form           Tmut/Pois      9%         N/A       41%         3

Your spell library contained the following spells:

 Spells                   Type           Power      Damage    Failure   Level
 Blink                    Tloc           4%         N/A       50%         2
 Gell's Gravitas          Tloc           2%         N/A       71%         3
 Lesser Beckoning         Tloc           2%         N/A       71%         3
 Teleport Other           Tloc           2%         N/A       71%         3
 Ice Form                 Ice/Tmut       9%         N/A       77%         4
 Manifold Assault         Tloc           2%         N/A       100%        5
 Storm Form               Tmut/Air       4%         N/A       100%        7


Dungeon Overview and Level Annotations

Branches:
Dungeon (5/15)
 Temple: D:4-7

Altars:
Nemelex Xobeh

Shops:
D:2 *[=:(


Innate Abilities, Weirdness & Mutations

You are a venomous arachnid creature.
You have poisonous fangs.
You are tiny and dextrous.
Your spellcasting is less reliable in this form.
Your armour is entirely melded.
You are incapable of wielding weapons or throwing items.
((You are very nimble when in or above water. (Stealth+, EV+, Speed+++)))
((Your lower body shifts to a powerful aquatic tail in water.))


Message History

The shadow imp shouts, "Turn tail, thou simpering fly-bitten bugbear!"
You see here a +0 dagger.
You hit the orc priest.
The orc priest is heavily wounded.
The orc wizard casts a spell at you. The magic dart hits you!
The iguana completely misses you.
You bite the orc priest!
You kill the orc priest!
Your transformation is almost over.
The orc wizard hits you with a +0 dagger.
The iguana bites you! The orc wizard completely misses you.
The iguana bites you but does no damage.
You see here a +0 flail.
You are too injured to fight recklessly!
You are too injured to fight recklessly!
You are too injured to fight recklessly!
You hit the orc wizard but do no damage.
The shadow imp barely misses you. The orc wizard misses you.
The iguana misses you.
You hit the orc wizard.
The orc wizard is moderately wounded.
The shadow imp closely misses you. The orc wizard completely misses you.
The iguana closely misses you.
You hit the orc wizard but do no damage.
The orc wizard is moderately wounded.
The shadow imp hits you.
The orc wizard hits you with a +0 dagger.
The iguana bites you!
* * * LOW HITPOINT WARNING * * *
You bite the orc wizard!
You kill the orc wizard!
The shadow imp completely misses you. The iguana closely misses you.
You hit the iguana but do no damage.
The iguana is poisoned.
The shadow imp completely misses you. The iguana barely misses you.
You hit the iguana.
The iguana is moderately wounded.
The shadow imp gestures at you. Pain shoots through your body!
You die...

...............
#..............
#..>..........
#.............
#............
#...........
#...5......
#.s)......
##..l......
#.)##......
##.## ##....
##.## #.. ##.##
# #.<# #..##
....#


You could see an iguana (very poisoned) and a shadow imp.

Vanquished Creatures
  Sigmund (D:3)
  A howler monkey (D:4)
  An orc priest (D:5)
  A centaur skeleton (D:3)
  An iguana (D:4)
  Jessica (D:3)
  Natasha (twice) (D:3)
  An orc wizard (D:5)
  A hound skeleton (D:4)
  4 gnolls (D:4)
  6 adders
  A worm (D:2)
  2 dart slugs (D:4)
  An orc (D:5)
  6 bats
  8 endoplasms
  4 giant cockroaches
  7 goblins
  5 hobgoblins
  2 jackals (D:4)
  5 kobolds
  2 quokkas
  9 ball pythons
  2 frilled lizards (D:1)
  3 rats
77 creatures vanquished.

Notes
Turn   | Place    | Note
-------+----------+-------------------------------------------
     0 | D:1      | Bruhh the Merfolk Transmuter began the quest for the Orb.
     0 | D:1      | Reached XP level 1. HP: 15/15 MP: 3/3
   216 | D:1      | Reached XP level 2. HP: 21/21 MP: 3/5
  1012 | D:1      | Reached XP level 3. HP: 25/26 MP: 4/6
  1044 | D:1      | Found a faded altar of an unknown god.
  1163 | D:1      | Learned a level 2 spell: Wereblood
  1167 | D:1      | Learned a level 3 spell: Spider Form
  1602 | D:2      | Found a sparkling altar of Nemelex Xobeh.
  1938 | D:2      | Identified the ring of the Prince {rElec rCorr Str+3}
  2433 | D:2      | Reached skill level 5 in Transmutations
  2494 | D:2      | Found Zuxufai's General Store.
  2526 | D:2      | Found Wauniana's Armour Shop.
  2545 | D:2      | Found Fusm's Jewellery Boutique.
  2559 | D:2      | Found Wyarem's Book Shop.
  2862 | D:2      | Found Joaridgha's Antique Weapon Shoppe.
  3456 | D:3      | Reached XP level 4. HP: 26/32 MP: 6/8
  3561 | D:3      | Noticed Jessica
  3571 | D:3      | Killed Jessica
  3737 | D:3      | Noticed Sigmund
  3747 | D:3      | Killed Sigmund
  3748 | D:3      | Reached skill level 5 in Unarmed Combat
  3748 | D:3      | Reached XP level 5. HP: 17/37 MP: 4/11
  3748 | D:3      | Reached XP level 6. HP: 20/43 MP: 4/12
  4263 | D:3      | Noticed Natasha
  4275 | D:3      | Killed Natasha
  4690 | D:3      | Noticed Natasha
  4702 | D:3      | Killed Natasha
  5584 | D:4      | Reached skill level 6 in Unarmed Combat
  5734 | D:4      | Reached XP level 7. HP: 45/51 MP: 9/13
  6134 | D:5      | Entered Level 5 of the Dungeon
  6150 | D:5      | Killed from afar by a shadow imp

Illustrated notes

Levels and vault maps discovered:
D:1:      saegor_arrival_fortress, layout_loops_ring,
          hellmonk_ecumenical_altar_leap_of_faith
D:2:      layout_loops_ring, basic_altar, serial_shops, nicolae_square_shop,
          shop, nicolae_lakefront_shop, nicolae_shop_behind_doors,
          nicolae_shop_trees, minmay_misc_feat_hallway
D:3:      layout_basic, uniq_jessica, uniq_sigmund, uniq_natasha
D:4:      layout_gridville
D:5:      layout_cave_pods, st_stairs_8, corexii_checkpoint_b, uniq_ijyb,
          uniq_eustachio, uniq_crazy_yiuf_cottage

Skill      XL: |  1  2  3  4  5  6  7 |
---------------+----------------------+-----
Transmutations | 3 4 5 |  5.0
Spellcasting   | 3 4 |  4.0
Unarmed Combat | 5 6 |  6.0
Fighting       | 2 3 |  3.6
Dodging        | |  2.6

Action                   |  1- 3 |  4- 6 |  7- 9 || total
-------------------------+-------+-------+-------++-------
Melee: Unarmed           |   123 |   116 |    27 ||   266
       Headbutt          |    17 |     6 |       ||    23
       Punch             |     2 |       |       ||     2
 Cast: Beastly Appendage |    28 |    11 |       ||    39
       Spider Form       |     3 |    12 |     3 ||    18
Armor: Robe              |    21 |     7 |       ||    28
       Skin              |     1 |     3 |     1 ||     5
Dodge: Dodged            |    91 |    79 |    24 ||   194
